 Dungeon Crawl Stone Soup version 0.28.0-45-g0d030f2227 (webtiles) character file.

Game seed: 17760475355833024944

83 protoss039 the Digger (level 4, 26/34 HPs)
             Began as a Demonspawn Earth Elementalist on May 30, 2022.
             Got out of the dungeon alive.
             The game lasted 00:03:02 (1521 turns).

protoss039 the Digger (DsEE)                        Turns: 1521, Time: 00:03:02

Health: 26/34      AC:  4    Str:  9    XL:     4   Next: 22%
Magic:  7/7        EV: 12    Int: 18    God:
Gold:   25         SH:  0    Dex: 13    Spells: 7/8 levels left

rFire   . . .      SeeInvis .   h - +2 whip (elec)
rCold   . . .      Faith    .   (no shield)
rNeg    . . .      Spirit   .   b - +0 robe
rPois   .          Reflect  .   (helmet restricted)
rElec   .          Harm     .   (no cloak)
rCorr   .          Rampage  .   (no gloves)
Will    .....                   (no boots)
Stlth   ++........              (no amulet)
HPRegen 0.11/turn               (no ring)
MPRegen 0.10/turn               (no ring)

@: no status effects
A: horns 1, yellow scales 1
a: no special abilities


You escaped.
You visited 1 branch of the dungeon, and saw 2 of its levels.

You collected 25 gold pieces.

Inventory:

Hand Weapons
 e - a +0 whip
 h - a +2 whip of electrocution (weapon)
Missiles
 c - 10 stones
Armour
 b - a +0 robe (worn)
 d - a +0 pair of boots
 i - a +0 leather armour
Scrolls
 f - a scroll of fear {unknown}
Potions
 a - a potion of curing {unknown}
 g - a potion of attraction {unknown}


   Skills:
 * Level 2.3 Fighting
 + Level 1.3 Armour
 - Level 1.7 Dodging
 - Level 1.7 Stealth
 + Level 2.5 Spellcasting
 - Level 1.0 Transmutations
 + Level 3.1 Earth Magic


You had 7 spell levels left.
You knew the following spells:

 Your Spells              Type           Power      Damage    Failure   Level
a - Sandblast             Erth           26%        2d8       4%          1

Your spell library contained the following spells:

 Spells                   Type           Power      Damage    Failure   Level
 Passwall                 Tmut/Erth      7%         N/A       11%         2
 Stone Arrow              Conj/Erth      14%        3d7       26%         3
 Petrify                  Tmut/Erth      9%         N/A       58%         4


Dungeon Overview and Level Annotations

Branches:
Dungeon (2/15)

Altars:


Innate Abilities, Weirdness & Mutations

You have a pair of small horns on your head.
You are partially covered in yellow scales. (AC +2)


Message History

The bat barely misses you. x2; The bat closely misses you.
You closely miss the kobold. The bat hits you but does no damage. x2
The kobold hits you but does no damage. The kobold hits you with a +0 dagger.
You hit the kobold but do no damage. Lightning courses through the kobold!
You kill the kobold!
The bat hits you but does no damage. The bat barely misses you.
You closely miss the bat. The bat hits you but does no damage. x2
You hit the bat.
The bat is severely wounded.
The bat hits you but does no damage. The bat barely misses you.
The bat barely misses you. x2
Items here: )) †††.
You closely miss the bat. Your headbutt misses the bat.
The bat is severely wounded.
The bat barely misses you. The bat hits you but does no damage.
The bat hits you but does no damage.
You hit the bat.
You kill the bat!
The bat completely misses you.
You hit the bat.
You kill the bat!
No target in view!
No target in view!
No target in view!
No target in view!
No target in view!
No target in view!
No target in view!
No target in view!
No target in view!
No target in view!
No target in view!
No target in view!
No target in view!
Unknown command.
Unknown command.
You see here a hobgoblin skeleton.
There is a staircase leading out of the dungeon here.
Are you sure you want to leave the Dungeon?
This will make you lose the game!
You have escaped!

..............#........
.....[...#.....$..#....
#.........#.#..........
#........#.#..###.....
.#......#.#..# ##...
#......#....## ...
#........#...### ...
########.###...##..?
##.@.###............
#.....##.#..........
#.#8≈8#.#÷÷.......... #
#≈≈≈#.#............
#8≈8#.#..#.....#... #
#≈≈≈#.#..#.....#.[.
#.#8≈8#.#............
#.....##............
###.####..÷.........


There were no monsters in sight!

Vanquished Creatures
  4 gnolls (D:2)
  2 adders (D:2)
  A worm (D:2)
  2 bats (D:1)
  2 endoplasms (D:1)
  2 hobgoblins (D:1)
  4 jackals (D:1)
  2 ball pythons (D:1)
  A goblin (D:1)
  4 kobolds
  2 rats (D:1)
26 creatures vanquished.

Notes
Turn   | Place    | Note
-------+----------+-------------------------------------------
     0 | D:1      | protoss039 the Demonspawn Earth Elementalist began the
                  | quest for the Orb.
     0 | D:1      | Reached XP level 1. HP: 13/13 MP: 3/3
   185 | D:1      | Reached skill level 1 in Transmutations
   270 | D:1      | You fall into a shaft and drop 1 floor!
   673 | D:2      | Gained mutation: You are partially covered in yellow
                  | scales. (AC +2) [demonic ancestry]
   673 | D:2      | Reached XP level 2. HP: 20/20 MP: 0/5
   800 | D:2      | Reached skill level 1 in Fighting
  1124 | D:2      | Reached skill level 1 in Armour
  1124 | D:2      | Reached skill level 3 in Earth Magic
  1124 | D:2      | Reached XP level 3. HP: 27/27 MP: 2/6
  1419 | D:2      | Gained mutation: You have a pair of small horns on your
                  | head. [demonic ancestry]
  1419 | D:2      | Reached XP level 4. HP: 33/33 MP: 7/7
  1521 | D:$      | Got out of the dungeon alive.

Illustrated notes

Levels and vault maps discovered:
D:1:      lightli_arrival_statue_moat, layout_rooms, minmay_misc_feat_nine_boxes
D:2:      layout_basic, hangedman_decor_push, uniq_sigmund, uniq_natasha

Skill      XL: |  1  2  3 |
---------------+----------+-----
Transmutations | 1 |  1.0
Fighting       | 1 2 |  2.3
Armour         | 1 |  1.3
Earth Magic    | 3 |  3.1
Dodging        | |  1.7
Stealth        | |  1.7
Spellcasting   | |  2.5

Action                   |  1- 3 |  4- 6 || total
-------------------------+-------+-------++-------
Melee: Unarmed           |     9 |       ||     9
       Whip              |     2 |    32 ||    34
       Headbutt          |       |     3 ||     3
       Punch             |       |     3 ||     3
 Cast: Sandblast         |    29 |       ||    29
Armor: Robe              |    28 |    32 ||    60
Dodge: Dodged            |    48 |    64 ||   112
